 Dungeon Crawl Stone Soup version 0.28-a0-224-g76b539d98b (webtiles) character file.

Game seed: 17778194300737137335

15 a11behringer the Poker (level 2, -1/23 HPs)
             Began as a Merfolk Gladiator on Aug 22, 2021.
             Was a Follower of Dithmenos.
             Succumbed to a kobold's poison
             ... on level 1 of the Dungeon.
             The game lasted 00:03:20 (658 turns).

a11behringer the Poker (Merfolk Gladiator)           Turns: 658, Time: 00:03:20

Health: -1/23      AC:  9    Str: 14    XL:     2   Next: 50%
Magic:  2/2        EV:  7    Int:  7    God:    Dithmenos [*.....]
Gold:   13         SH:  0    Dex: 15    Spells: 1/1 levels left

rFire   . . .      SeeInvis .   a - +0 trident
rCold   . . .      Faith    .   (no shield)
rNeg    . . .      Spirit   .   f - +0 chain mail
rPois   .          Reflect  .   c - +0 helmet
rElec   .          Harm     .   (no cloak)
rCorr   .          Rampage  .   (no gloves)
Will    .....                   (no boots)
Stlth   ..........              (no amulet)
HPRegen 0.07/turn               (no ring)
MPRegen 0.08/turn               (no ring)

@: lethally poisoned (-1 -> -10), wreathed by umbra
A: (nimble swimmer 2), mertail
a: Renounce Religion


You were on level 1 of the Dungeon.
You worshipped Dithmenos.
Dithmenos was aware of your devotion.
You visited 1 branch of the dungeon, and saw 1 of its levels.

You collected 13 gold pieces.

Inventory:

Hand Weapons
 a - a +0 trident (weapon)
Missiles
 d - 3 throwing nets (quivered)
Armour
 b - a +0 leather armour
 c - a +0 helmet (worn)
 f - a +0 chain mail (worn)
Scrolls
 e - a scroll of magic mapping {unknown}
 g - a scroll of noise {unknown}
Potions
 h - a potion of magic {unknown}


   Skills:
 + Level 2.3 Fighting
 * Level 5.0 Polearms
 + Level 2.0 Throwing
 + Level 0.1 Armour
 + Level 4.3 Dodging


You had one spell level left.
You didn't know any spells.
Your spell library contained the following spells:

 Spells                   Type           Power      Damage    Failure   Level
 Dazzling Flash           Conj/Hex       0%         N/A       100%        3
 Agony                    Necr           0%         N/A       100%        5
 Silence                  Hex/Air        0%         N/A       100%        5


Dungeon Overview and Level Annotations

Branches:
Dungeon (1/15)

Altars:
Dithmenos


Innate Abilities, Weirdness & Mutations

((You are quick and stealthy near water. (Stealth+, EV+, Speed+++)))
Your lower body shifts to a powerful aquatic tail in water.


Message History

You barely miss the kobold.
The kobold hits you with a +0 short sword.
You hit the kobold.
The kobold is moderately wounded.
The kobold hits you with a +0 short sword.
The kobold hits you but does no damage.
Your chain mail prevents you from hitting the kobold.
The kobold is moderately wounded.
The kobold closely misses you.
You hit the kobold.
You kill the kobold!
Dithmenos accepts your kill.
Your Polearms skill increases to level 5!
h - a green potion
Things that are here:
a +0 short sword; a kobold corpse
Things that are here:
a +0 short sword; a kobold corpse
Things that are here:
a +0 club; 4 stones; a kobold corpse A kobold comes into view.
It is wielding a +2 dagger of venom.
Found an emerald potion.
The kobold hits you with a +2 dagger of venom.
You are poisoned.
You miss the kobold.
You feel very sick. The kobold hits you but does no damage.
You are lethally poisoned!
You puncture the kobold!
You kill the kobold!
Dithmenos accepts your kill.
* * * LOW HITPOINT WARNING * * *
You feel very sick.
* * * LOW HITPOINT WARNING * * *
You feel very sick.
You see here a +2 dagger of venom.
* * * LOW HITPOINT WARNING * * *
You feel very sick.
You see here an emerald potion.
You die...

##.## #.#
#.# #.#
#.########
#
#........#
.##
########.#
#..
#.####.#
#..)!@#
######.#
#.. ....
####


There were no monsters in sight!

Vanquished Creatures
  A dart slug (D:1)
  An endoplasm (D:1)
  A giant cockroach (D:1)
  3 hobgoblins (D:1)
  2 ball pythons (D:1)
  A bat (D:1)
  4 kobolds (D:1)
13 creatures vanquished.

Notes
Turn   | Place    | Note
-------+----------+-------------------------------------------
     0 | D:1      | a11behringer the Merfolk Gladiator began the quest for the
                  | Orb.
     0 | D:1      | Reached XP level 1. HP: 16/16 MP: 1/1
   340 | D:1      | Found a faded altar of an unknown god.
   344 | D:1      | Became a worshipper of Dithmenos the Shadowed
   344 | D:1      | Reached * piety under Dithmenos
   466 | D:1      | Reached XP level 2. HP: 22/22 MP: 2/2
   611 | D:1      | Reached skill level 5 in Polearms
   657 | D:1      | HP: 1/23 [poisoned by a kobold]
   658 | D:1      | Succumbed to a kobold's poison

Illustrated notes

Levels and vault maps discovered:
D:1:      matt_arrival_spirals, layout_loops_ring, basic_ecumenical_altar,
          serial_bayou_crossing

Skill      XL: |  1  2 |
---------------+-------+-----
Polearms       | 5 |  5.0
Fighting       | |  2.3
Throwing       | |  2.0
Armour         | |  0.1
Dodging        | |  4.3

Action                   || total
-------------------------++-------
Melee: Trident           ||    36
Armor: Chain mail        ||    20
Dodge: Dodged            ||    10

Table legend: (Time is in decaauts)
 A = Elapsed time spent in this place.
 B = Non-inter-level travel time spent in this place.
 C = Inter-level travel time spent in this place.
 D = Time resting spent in this place.
 E = Time spent auto-exploring this place.
 F = Levels seen in this place.
 G = Mean time per level.
                   A        B        C        D        E       F      G
               +--------+--------+--------+--------+--------+-----+--------+
         Total |    660 |    379 |    281 |      0 |    280 |   1 |  660.0 |
       Dungeon |    660 |    379 |    281 |      0 |    280 |   1 |  660.0 |
               +--------+--------+--------+--------+--------+-----+--------+

Top non-repeatable levels by time:
     D:1: 660 daAuts
